AoeStats
← MondDesParpaiouns

Arabia

510549357Analyzed
1v1 RM · 2d ago on Oct 1, 2026· 47m 22s· 2 players
Game mode
Random Map
Map size
Tiny (2 player)
Population
200
Speed
Normal
Resources
Standard
Victory
Conquest
Starting age
Dark Age
Ending age
Imperial Age
RankedLock teamsTeams togetherTeam positionsShared explorationLock speedFull tech treeHidden civsTurbo modeCheats
Victory
Defeat
🇬🇧 Persians · United Kingdom
1271
+17
🇨🇦 Goths · Canada
1291
-17
dDubs
6:15 Loom
9:30 Feudal Age
10:16 Double-Bit Axe
15:40 Scale Barding Armor
16:34 Horse Collar
22:20 Castle Age
20:29 Fletching
21:09 Bloodlines
22:02 Gold Mining
23:49 Bow Saw
26:11 Chain Barding Armor
27:06 Forging
27:30 Bodkin Arrow
28:35 Gold Shaft Mining
29:35 Ballistics
29:40 Heavy Plow
31:30 Wheelbarrow
32:50 Iron Casting
32:41 Padded Archer Armor
33:29 Town Watch
33:48 Husbandry
38:58 Imperial Age
37:17 Stone Mining
40:15 Cavalier
41:35 Cavalier
43:41 Savar
45:46 Plate Barding Armor
46:34 Blast Furnace
MondDesParpaiouns
0:30 Loom
9:15 Feudal Age
9:35 Man-at-Arms
10:01 Double-Bit Axe
9:59 Horse Collar
14:07 Scale Mail Armor
17:52 Wheelbarrow
19:06 Gold Mining
20:00 Forging
22:13 Castle Age
20:09 Stone Mining
22:03 Fletching
22:15 Elite Skirmisher
23:27 Bodkin Arrow
24:25 Pikeman
26:35 Squires
27:55 Stone Shaft Mining
27:45 Anarchy
28:19 Bow Saw
28:58 Chain Mail Armor
29:33 Iron Casting
30:50 Heavy Plow
37:36 Treadmill Crane
40:03 Masonry
40:08 Long Swordsman
44:16 Ballistics
44:19 Hand Cart
45:01 Town Watch
46:49 Ballistics
Connection lost

Rejoining the realm…

Still unreachable

The connection could not be restored.

Session expired

The server has moved on; the page needs a fresh start.